AoeStats
← Macau_Player

Black Forest

506808992Analyzed
4v4 RM · 16d ago on Sep 15, 2026· 59m 9s· 8 players
Game mode
Random Map
Map size
Large (8 player)
Population
200
Speed
Normal
Resources
Standard
Victory
Conquest
Starting age
Dark Age
Ending age
Imperial Age
RankedLock teamsTeams togetherTeam positionsShared explorationLock speedFull tech treeHidden civsTurbo modeCheats
Victory
Defeat
🇨🇿 Britons · Czechia
970
+9
🇨🇳 Bohemians · China
957
+9
🇮🇹 Hindustanis · Italy
902
+11
🇺🇦 Portuguese · Ukraine
862
+12
🇨🇳 Georgians · China
815
-11
🇨🇳 Franks · China
809
-11
🇨🇳 Lithuanians · China
788
-10
768
-9
精神老头
10:56 Loom
14:44 Feudal Age
18:50 Castle Age
21:59 Wheelbarrow
24:47 Double-Bit Axe
28:23 Bow Saw
30:12 Gold Mining
34:38 Imperial Age
34:28 Forging
34:24 Scale Barding Armor
35:01 Husbandry
35:28 Ballistics
36:34 Cavalier
38:51 Chemistry
39:04 Caravan
39:35 Coinage
40:49 Iron Casting
40:35 Chain Barding Armor
40:08 Paladin
45:18 Blast Furnace
44:54 Plate Barding Armor
48:26 Gold Shaft Mining
51:19 Banking
BoBo鸡之印第安走地鸡
0:27 Loom
15:49 Feudal Age
16:34 Feudal Age
17:51 Wheelbarrow
17:16 Horse Collar
17:24 Double-Bit Axe
17:46 Gold Mining
17:49 Stone Mining
20:13 Castle Age
22:15 Hand Cart
22:21 Bow Saw
22:57 Heavy Plow
30:47 Imperial Age
29:56 Stone Shaft Mining
30:00 Gold Shaft Mining
30:42 Scale Mail Armor
30:53 Forging
30:31 Treadmill Crane
32:02 Crop Rotation
34:06 Conscription
34:05 Chain Mail Armor
34:25 Iron Casting
34:14 Garland Wars
36:13 Plate Mail Armor
35:09 Elite Jaguar Warrior
35:38 Eagle Warrior
36:04 Arson
36:19 Squires
36:04 Gambesons
35:40 Pikeman
38:02 Blast Furnace
37:52 Caravan
40:31 Elite Eagle Warrior
Good night
0:30 Loom
14:31 Feudal Age
17:21 Double-Bit Axe
21:34 Castle Age
20:27 Horse Collar
20:42 Stone Mining
20:42 Gold Mining
23:31 Stone Shaft Mining
30:13 Bow Saw
30:15 Scale Barding Armor
30:21 Forging
29:59 Treadmill Crane
33:42 Imperial Age
33:15 Wheelbarrow
32:43 Caravan
34:08 Masonry
34:15 Fortified Wall
33:38 Elite Skirmisher
34:54 Hand Cart
36:53 Elite Leitis
39:35 Chemistry
38:59 Chain Barding Armor
39:15 Iron Casting
38:42 Scale Mail Armor
38:43 Padded Archer Armor
38:34 Fletching
49:48 Plate Barding Armor
53:35 Tower Shields
无奈独上青楼
0:34 Loom
14:23 Feudal Age
21:09 Castle Age
18:58 Double-Bit Axe
19:35 Horse Collar
22:59 Bow Saw
22:43 Stone Mining
22:47 Gold Mining
30:50 Wheelbarrow
31:39 Heavy Plow
35:55 Imperial Age
34:54 Stone Shaft Mining
34:47 Husbandry
35:25 Hand Cart
35:23 Forging
35:23 Scale Barding Armor
37:42 Iron Casting
37:27 Chain Barding Armor
37:18 Treadmill Crane
38:43 Conscription
37:44 Elite Monaspa
37:55 Light Cavalry
38:48 Bloodlines
39:42 Crop Rotation
40:14 Blast Furnace
Macau_Player
1:57 Loom
10:57 Feudal Age
15:12 Castle Age
13:24 Double-Bit Axe
14:10 Horse Collar
17:06 Bow Saw
24:40 Wheelbarrow
30:13 Imperial Age
27:25 Pikeman
27:59 Fletching
28:50 Bodkin Arrow
28:56 Scale Mail Armor
29:08 Forging
30:38 Chemistry
29:58 Ballistics
30:21 Chain Mail Armor
30:06 Padded Archer Armor
31:25 Conscription
31:32 Houfnice
32:58 Siege Engineers
33:32 Iron Casting
34:26 Two-Man Saw
33:06 Halberdier
35:28 Blast Furnace
37:47 Plate Mail Armor
37:17 Bracer
37:33 Leather Archer Armor
39:41 Heavy Plow
39:25 Elite Skirmisher
Pandaduongvat
0:56 Loom
12:05 Feudal Age
13:26 Double-Bit Axe
16:50 Castle Age
14:33 Horse Collar
18:07 Bow Saw
18:01 Heavy Plow
24:30 Fletching
25:55 Fortified Wall
26:05 Ballistics
27:06 Crossbowman
28:50 Pikeman
29:31 Squires
30:06 Murder Holes
30:09 Bodkin Arrow
30:15 Scale Mail Armor
30:15 Padded Archer Armor
31:10 Arson
34:32 Imperial Age
32:40 Wheelbarrow
31:50 Town Watch
33:28 Leather Archer Armor
33:26 Masonry
34:39 Arbalester
34:41 Halberdier
35:06 Capped Ram
36:22 Chain Mail Armor
36:07 Bracer
37:10 Chemistry
36:32 Hand Cart
36:17 Town Patrol
38:16 Two-Man Saw
39:57 Plate Mail Armor
40:33 Conscription
44:19 Elite Longbowman
44:30 Sappers
45:35 Hoardings
47:14 Forging
47:10 Scale Barding Armor
48:08 Heavy Scorpion
53:52 Iron Casting
53:38 Chain Barding Armor
53:48 Ring Archer Armor
55:09 Man-at-Arms
55:35 Gambesons
57:06 Blast Furnace
56:42 Plate Barding Armor
55:53 Long Swordsman
56:40 Two-Handed Swordsman
57:11 Champion
BLAZE12
11:08 Feudal Age
11:38 Double-Bit Axe
13:56 Wheelbarrow
17:58 Castle Age
19:35 Bow Saw
21:27 Horse Collar
23:16 Heavy Plow
28:25 Loom
28:55 Hand Cart
28:44 Fletching
29:04 Padded Archer Armor
29:15 Forging
29:19 Town Watch
31:17 Scale Barding Armor
31:08 Bodkin Arrow
31:26 Forging
31:31 Leather Archer Armor
30:40 Crossbowman
30:42 Elite Skirmisher
31:30 Thumb Ring
33:10 Ballistics
33:01 Masonry
33:35 Gold Mining
33:35 Stone Mining
36:34 Imperial Age
34:11 Town Patrol
34:52 Iron Casting
34:38 Chain Barding Armor
34:18 Murder Holes
36:09 Bloodlines
36:00 Husbandry
36:12 Light Cavalry
38:23 Chemistry
37:54 Architecture
37:31 Siege Engineers
36:58 Onager
37:02 Cavalier
41:28 Bombard Tower
44:45 Bracer
45:46 Blast Furnace
45:22 Plate Barding Armor
45:17 Ring Archer Armor
44:47 Scale Mail Armor
47:14 Stone Shaft Mining
49:10 Arquebus
Charming K
0:53 Loom
15:41 Feudal Age
17:01 Double-Bit Axe
17:36 Stone Mining
24:53 Castle Age
26:12 Bow Saw
25:59 Horse Collar
27:13 Heavy Plow
27:24 Grand Trunk Road
28:50 Fortified Wall
29:03 Caravan
31:19 Bloodlines
32:42 Husbandry
33:57 Wheelbarrow
38:14 Imperial Age
37:24 Scale Barding Armor
38:52 Chain Barding Armor
39:41 Hand Cart
39:39 Forging
39:39 Heavy Camel Rider
40:58 Iron Casting
42:09 Redemption
41:49 Town Watch
43:12 Blast Furnace
43:54 Two-Man Saw
42:54 Imperial Camel Rider
43:56 Fletching
45:38 Conscription
46:24 Plate Barding Armor
45:45 Bodkin Arrow
46:59 Light Cavalry
48:23 Ballistics
48:00 Murder Holes
49:02 Shatagni
49:34 Thumb Ring
50:35 Chemistry
50:00 Hussar
54:42 Town Patrol
57:20 Hoardings
57:46 Bracer
57:47 Padded Archer Armor
57:48 Scale Mail Armor
58:39 Elite Skirmisher
58:43 Crossbowman
58:44 Heavy Cavalry Archer
58:48 Elite Ghulam
59:31 Gold Mining
Connection lost

Rejoining the realm…

Still unreachable

The connection could not be restored.

Session expired

The server has moved on; the page needs a fresh start.